 Dungeon Sprint DCSS version 0.20.1-1-g8b1a95d (webtiles) character file.

6063 potatolord6000 the Apostle (level 10, -1/105 HPs)
             Began as a Hill Orc Monk on Sept 8, 2017.
             Was a High Priest of Beogh.
             Slain by an alligator snapping turtle (37 damage)
             ... in the Dungeon (Sprint VII: "The Pits").
             The game lasted 00:07:00 (1327 turns).

potatolord6000 the Apostle (Hill Orc Monk)          Turns: 1327, Time: 00:07:00

Health: -1/105     AC: 18    Str: 21    XL:     10   Next: 87%
Magic:  18/21      EV: 10    Int: 10    God:    Beogh [*****.]
Gold:   0          SH:  0    Dex: 16    Spells: 9/9 levels left

rFire    . . .     SeeInvis .   p - +2 great sword (freeze)
rCold    . . .     Gourm    .   (shield currently unavailable)
rNeg     . . .     Faith    .   s - +4 chain mail
rPois    .         Spirit   .   (no helmet)
rElec    .         Reflect  .   (no cloak)
rCorr    .         Harm     .   (no gloves)
MR       .....     NoTele   +   j - +0 pair of boots
Stlth    ..........             (no amulet)
Regen    0.3/turn               b - +3 ring of dexterity
MPRegen  0.2/turn               q - +3 ring of strength

@: no status effects
A: walk on water
a: Smiting, Recall Orcish Followers, Give Item to Named Follower, Renounce
Religion


You were in the Dungeon.
You worshipped Beogh.
Beogh was extremely pleased with you.
You were very full.

You visited 1 branch

Inventory:

Hand Weapons
 p - a +2 great sword of freezing (weapon)
 r - a +2 scimitar of electrocution
 t - a +0 dire flail
Armour
 j - a +0 pair of boots (worn)
 s - a +4 chain mail (worn)
Jewellery
 b - a +3 ring of dexterity (left hand)
 q - a +3 ring of strength (right hand)
Scrolls
 i - a scroll of blinking
 k - 3 scrolls of remove curse
 l - 5 scrolls of amnesia
 m - a scroll of summoning
Potions
 a - 2 potions of invisibility
 d - 7 potions of curing
 e - 10 potions of heal wounds
 f - a potion of haste
 g - 2 potions of magic
 h - 3 potions of berserk rage
Comestibles
 c - 8 bread rations
 n - 40 fruits
 o - 5 meat rations


   Skills:
 + Level 15.1 Fighting
 + Level 13.9 Long Blades
 + Level 13.6 Armour
 - Level 2.4 Dodging
 - Level 1.5 Stealth
 + Level 15.6 Invocations


You had 9 spell levels left.
You didn't know any spells.

Dungeon Overview and Level Annotations

Branches:
Dungeon (1/1)

Altars:
Ashenzari
Cheibriados
Dithmenos
Elyvilon
Fedhas
Gozag
Hepliaklqana
Kikubaaqudgha
Makhleb
Nemelex Xobeh
Okawaru
Qazlal
Ru
Sif Muna
Trog
Uskayaw
Vehumet
Xom
Yredelemnul
Zin
The Shining One
Beogh
Jiyva
Lugonu


Message History

The rime drake is smitten.
Your orc knight hits the rime drake!
The rime drake bites you but does no damage.
You slice the rime drake!!
You kill the rime drake!
Beogh accepts your kill.
The alligator snapping turtle bites you from afar!!
Unknown command.
The alligator snapping turtle bites you!!
Unknown command.
Unknown command.
You swap places.
Unknown command.
Aiming: Smiting
Press: ? - help, Dir - move target cursor, f - alligator snapping turtle Smite: an alligator snapping turtle You smite the alligator snapping turtle!
The alligator snapping turtle is lightly wounded.
Your orc priest hits the alligator snapping turtle but does no damage.
The alligator snapping turtle bites you from afar!!!
You die...

.#......# ........+
........+ .#......#
........# #''######
#)'# ######## #####
#).# #÷÷.÷..###...##
#..# #..#'#.....@oo.#
#..##..##.##.....#t..#
#..##.##...##...###..#
#.)####.....##.## #.#
#...##......#...# ..#
#....)÷..[..'...+ .+
#...##......#...# #
#..####.....##.##
#..##.##...##...#


You could see an alligator snapping turtle, a friendly orc knight and a friendly
orc priest.

Vanquished Creatures
  A vampire knight (D)
  Josephine (D)
  A two-headed ogre (D)
  A death yak (D)
  A flayed ghost (D)
  A manticore (D)
  A rime drake (D)
  2 hellwings (D)
  A redback (D)
  A wyvern (D)
  4 wraiths (D)
  A floating eye (D)
  A porcupine (D)
  An eye of draining (D)
  A necrophage (D)
  2 centaurs (D)
  A bullfrog (D)
  A scorpion (D)
  A crimson imp (D)
  A hound (D)
  A worker ant (D)
  A mummy (D)
  A gnoll (D)
  2 river rats (D)
  An ufetubus (D)
  A worm (D)
  A bat zombie (D)
  A giant cockroach (D)
  2 goblins (D)
  2 hobgoblins (D)
  2 quokkas (D)
  A bat (D)
  A frilled lizard (D)
  A rat (D)
43 creatures vanquished.

Vanquished Creatures (collateral kills)
  A redback (D)
  A wraith (D)
  An iron imp (D)
  A hell rat (D)
  A rat (D)
5 creatures vanquished.

Vanquished Creatures (others)
  2 orc priests (D)
  An orc (D)
3 creatures vanquished.

Grand Total: 51 creatures vanquished

Notes
Turn   | Place    | Note
-------+----------+-------------------------------------------
     0 | D        | potatolord6000 the Hill Orc Monk began the quest for the Orb.
     0 | D        | Reached XP level 1. HP: 19/19 MP: 1/1
    49 | D        | Found a bloodstained altar of Trog.
    49 | D        | Found a deep blue altar of Sif Muna.
    49 | D        | Found a viscous altar of Jiyva.
    49 | D        | Found a hazy altar of Hepliaklqana.
    49 | D        | Found an opulent altar of Gozag.
    50 | D        | Found a glowing golden altar of the Shining One.
    50 | D        | Found a glowing silver altar of Zin.
    50 | D        | Found a basalt altar of Yredelemnul.
    50 | D        | Found a shimmering altar of Xom.
    50 | D        | Found a sacrificial altar of Ru.
    50 | D        | Found a stormy altar of Qazlal.
    50 | D        | Found an iron altar of Okawaru.
    50 | D        | Found a sparkling altar of Nemelex Xobeh.
    50 | D        | Found a burning altar of Makhleb.
    50 | D        | Found a blossoming altar of Fedhas.
    50 | D        | Found a white marble altar of Elyvilon.
    50 | D        | Found a shadowy altar of Dithmenos.
    50 | D        | Found a snail-covered altar of Cheibriados.
    52 | D        | Found a radiant altar of Vehumet.
    52 | D        | Found a corrupted altar of Lugonu.
    52 | D        | Found a roughly hewn altar of Beogh.
    53 | D        | Found a hide-covered altar of Uskayaw.
    53 | D        | Found an ancient bone altar of Kikubaaqudgha.
    53 | D        | Found a shattered altar of Ashenzari.
    62 | D        | Became a worshipper of Beogh the Brigand
    62 | D        | Reached * piety under Beogh
    62 | D        | Reached ** piety under Beogh
    80 | D        | Noticed a worker ant
    92 | D        | Killed a worker ant
    92 | D        | Reached skill level 5 in Fighting
    92 | D        | Reached XP level 2. HP: 23/29 MP: 1/4
    92 | D        | Reached XP level 3. HP: 28/36 MP: 1/5
   154 | D        | Noticed a floating eye
   158 | D        | Killed a floating eye
   158 | D        | Reached skill level 5 in Long Blades
   158 | D        | Reached skill level 5 in Armour
   158 | D        | Reached skill level 5 in Invocations
   158 | D        | Reached XP level 4. HP: 47/47 MP: 5/8
   158 | D        | Reached XP level 5. HP: 52/52 MP: 5/9
   206 | D        | Reached *** piety under Beogh
   224 | D        | Reached **** piety under Beogh
   339 | D        | Noticed a necrophage
   339 | D        | Noticed a centaur
   354 | D        | Killed a necrophage
   354 | D        | Reached XP level 6. HP: 54/61 MP: 10/12
   385 | D        | Reached ***** piety under Beogh
   514 | D        | Noticed an eye of draining
   519 | D        | Killed an eye of draining
   519 | D        | Reached XP level 7. HP: 70/70 MP: 2/14
   608 | D        | Reached skill level 10 in Fighting
   614 | D        | Reached skill level 10 in Invocations
   742 | D        | Noticed a hellwing
   742 | D        | Noticed a hellwing
   744 | D        | Killed a hellwing
   744 | D        | Reached XP level 8. HP: 80/80 MP: 11/16
   746 | D        | Killed a hellwing
   746 | D        | Reached skill level 10 in Long Blades
   870 | D        | Noticed a wraith
   870 | D        | Noticed a wraith
   871 | D        | Noticed a wraith
   873 | D        | Killed a wraith
   873 | D        | Reached skill level 10 in Armour
   875 | D        | Noticed Josephine
   875 | D        | Killed a wraith
   875 | D        | Gained Beowulf as an ally
   876 | D        | Noticed a wraith
   876 | D        | Your ally Beowulf died
   880 | D        | Noticed a wraith
   883 | D        | Killed Josephine
   883 | D        | Reached XP level 9. HP: 75/91 MP: 7/18
   909 | D        | Noticed a two-headed ogre
   917 | D        | Killed a two-headed ogre
   917 | D        | Reached XP level 10. HP: 62/102 MP: 20/20
   920 | D        | Reached ****** piety under Beogh
   934 | D        | Noticed a vampire knight
   942 | D        | Killed a vampire knight
   947 | D        | Noticed a flayed ghost
   955 | D        | Killed a flayed ghost
   955 | D        | Reached skill level 15 in Invocations
   994 | D        | Noticed a death yak
  1004 | D        | Killed a death yak
  1024 | D        | Noticed a manticore
  1032 | D        | Killed a manticore
  1032 | D        | Reached skill level 15 in Fighting
  1322 | D        | Noticed an alligator snapping turtle
  1327 | D        | Slain by an alligator snapping turtle

Skill      XL: |  1  2  3  4  5  6  7  8  9 10 |
---------------+-------------------------------+-----
Fighting       | 5 7 8 9 10 12 13 15 | 15.1
Armour         | 3 5 7 8 9 11 12 13 | 13.6
Long Blades    | 4 5 7 8 9 11 12 13 | 13.9
Invocations    | 3 5 8 9 10 12 14 15 | 15.6
Dodging        | |  2.4
Stealth        | |  1.5

Action                   |  1- 3 |  4- 6 |  7- 9 | 10-12 || total
-------------------------+-------+-------+-------+-------++-------
Melee: Falchion          |    15 |    17 |       |       ||    32
       Long sword        |       |    48 |    22 |       ||    70
       Scimitar          |       |       |    15 |     6 ||    21
       Great sword       |       |       |       |    20 ||    20
Invok: Smiting           |       |     1 |    13 |     8 ||    22
       Resurrection      |       |       |       |     1 ||     1
  Use: Potion            |       |       |     3 |     3 ||     6
 Stab: Sleeping          |     1 |       |       |       ||     1
  Eat: Meat ration       |       |       |       |     2 ||     2
Armor: Robe              |     3 |     7 |       |       ||    10
       Plate armour      |       |    30 |    17 |       ||    47
       Chain mail        |       |       |    12 |    20 ||    32
Dodge: Dodged            |    15 |    35 |    13 |    13 ||    76
       Rpst.: Falchion   |     5 |     8 |       |       ||    13
       Long sword        |       |     6 |     2 |       ||     8
       Scimitar          |       |       |     2 |       ||     2
